 Dungeon Crawl Stone Soup version 0.18.1-8-gdd0e5ea (webtiles) character file.

1575 matakusis the Covert (level 8, 0/52 HPs)
             Began as a Vampire Enchanter on June 5, 2016.
             Was an Initiate of Dithmenos.
             Hit by a tomahawk thrown by an orc warrior (16 damage)
             ... on level 6 of the Dungeon.
             The game lasted 00:34:11 (6729 turns).

matakusis the Covert (Vampire Enchanter)            Turns: 6729, Time: 00:34:12

Health: 0/52       AC: 12    Str:  7    XL:     8   Next: 60%
Magic:  3/11       EV: 14    Int: 17    God:    Dithmenos [......]
Gold:   191        SH:  0    Dex: 19    Spells: 4 memorised, 5 levels left

rFire  . . .     SeeInvis +     t - +1 dagger (venom)
rCold  + . .     Gourm    .     b - +2 robe
rNeg   + + .     Faith    .     (no shield)
rPois  +         Spirit   .     (no helmet)
rElec  .         Dismiss  .     a - +2 cloak
rCorr  .         Reflect  .     p - +0 pair of gloves {Dex+3}
SustAt .         Harm     .     (no boots)
MR     .....                    (no amulet)
Stlth  ++++++....               (no ring)
                                (no ring)

@: regenerating slowly, not resistant to hostile enchantments, very stealthy
A: fangs 3, rough black scales 1, see invisible, low mp 2, unbreathing
a: Bat Form, Renounce Religion


You were on level 6 of the Dungeon.
You worshipped Dithmenos.
Dithmenos was noncommittal.
You were thirsty.

You visited 2 branches of the dungeon, and saw 7 of its levels.
You also visited: Ossuary.

You collected 294 gold pieces.
You spent 103 gold pieces at shops.

Inventory:

Hand Weapons
 t - a +1 dagger of venom (weapon)
Missiles
 j - 2 throwing nets (quivered)
Armour
 a - a +2 cloak (worn)
 b - a +2 robe (worn)
 p - a +0 pair of gloves of dexterity (worn)
Wands
 g - a wand of flame (6/48)
 q - a wand of random effects (11/48)
 r - a wand of flame (4/48)
Scrolls
 h - 4 scrolls of recharging
 i - 7 scrolls of identify
 k - 2 scrolls of fog
 l - 2 scrolls of blinking
 m - 2 scrolls of teleportation
 u - a scroll of enchant weapon
 w - a scroll of remove curse
Potions
 d - 12 potions of blood
 e - 2 potions of haste
 f - a potion of cancellation
 n - 2 potions of brilliance
 o - a potion of heal wounds
 s - 2 potions of curing
 v - 2 potions of flight
 z - a potion of magic
 A - a potion of might
 B - 4 potions of lignification
 C - 2 potions of berserk rage
Books
 c - a book of Maledictions

   Spells                             Type                      Level
   a - Corona                         Hexes                        1
   b - Ensorcelled Hibernation        Hexes/Ice                    2
   c - Confuse                        Hexes                        3
   d - Tukima's Dance                 Hexes                        3
   e - Dazzling Spray                 Conjuration/Hexes            3


   Skills:
 + Level 2.3 Short Blades
 - Level 3.8 Dodging
 * Level 11.9 Stealth
 + Level 4.3 Spellcasting
 + Level 9.3 Hexes


You had 5 spell levels left.
You knew the following spells:

 Your Spells              Type           Power        Failure   Level  Hunger
a - Corona                Hex            #####..      1%          1    None
b - Confuse               Hex            #####...     1%          3    ###....
c - Tukima's Dance        Hex            #####...     1%          3    ###....
d - Dazzling Spray        Conj/Hex       ###.....     10%         3    ###....


Dungeon Overview and Level Annotations

Branches:
Dungeon (6/15)             Temple (1/1) D:6

Altars:
Dithmenos
Elyvilon
Fedhas
Gozag
Kikubaaqudgha
Makhleb
Nemelex Xobeh
Okawaru
Pakellas
Ru
Sif Muna
Trog
Vehumet
Xom
Zin
The Shining One
Lugonu

Shops:
D:4 [


Innate Abilities, Weirdness & Mutations

You heal slowly.
You have razor-sharp teeth.
You have supernaturally acute eyesight.
You can survive without breathing.
You are partially covered in rough black scales (AC +4, Dex -1).
Your magical capacity is very low (-20% MP).


Message History

The orc warrior barely misses you.
You hit the orc warrior but do no damage.
Your bite misses the orc warrior.
The orc warrior is moderately wounded.
The orc warrior hits you with a mace!
You barely miss the orc warrior.
You bite the orc warrior, but do no damage.
The orc warrior is moderately wounded.
The orc warrior hits you with a mace!
You see here a tomahawk.
The orc warrior throws a tomahawk.
The tomahawk barely misses you.
Casting: Confuse
Confirm with . or Enter, or press ? or * to list all spells.
You don't have enough magic to cast that spell.
You miss the butterfly.
The orc warrior throws a tomahawk.
The tomahawk misses you.
You hit the butterfly.
You kill the butterfly!
The orc warrior throws a tomahawk.
The tomahawk hits you!
You die...

....##.# #. .5# .#####.#
#.###.### .#<..#.###
#.......#
.........#######....#
.................b..#
.#####.....#.#o####.#
...#<#.#.#.#.#.#....#
.#.#.#.#.#.#.(.#.#####
...#.#)#.....###@.)..#
#..#.#.#..>..o.(.....####.#
#..#.#.#.....####.<.......#
##.#.#.#..(#.#........#####
#...#.#####.#.######.#
#...# #####...).#....#
###.## #.......#)#.####
....# #.###.#.#.# ....##
#.......#.#


You could see an orc warrior.

Vanquished Creatures
  An ice beast (D:6)
  4 ogres
  3 water moccasin zombies (Ossuary)
  A water moccasin skeleton (D:6)
  A scorpion (D:4)
  A crimson imp (D:4)
  A giant frog zombie (D:6)
  Crazy Yiuf (D:4)
  2 hounds
  4 orc wizards
  Natasha (thrice) (D:4)
  An iguana (D:6)
  6 worker ants (D:4)
  A big kobold zombie (Ossuary)
  A hound skeleton (D:6)
  2 mummies (Ossuary)
  Robin (D:3)
  4 gnolls
  11 adders
  4 oozes
  5 adder zombies (Ossuary)
  A worm (D:2)
  3 dart slugs
  12 orcs
  4 giant cockroaches
  3 gnoll zombies (Ossuary)
  12 goblins
  9 hobgoblins
  4 jackals (D:5)
  9 kobolds
  2 quokkas
  A ball python (D:4)
  6 bats
  7 giant newts
  8 hobgoblin zombies (Ossuary)
  2 kobold zombies (Ossuary)
  6 orc zombies (Ossuary)
  A quokka skeleton (D:4)
  9 rats
  2 butterflies (D:6)
159 creatures vanquished.

Vanquished Creatures (collateral kills)
  3 gnolls
  2 orcs (D:5)
  A giant cockroach (D:4)
  A quokka (D:5)
7 creatures vanquished.

Vanquished Creatures (others)
  A dancing weapon (D:4)
  A water moccasin zombie (Ossuary)
2 creatures vanquished.

Grand Total: 168 creatures vanquished

Notes
Turn   | Place    | Note
--------------------------------------------------------------
     0 | D:1      | matakusis the Vampire Enchanter began the quest for the Orb.
     0 | D:1      | Reached XP level 1. HP: 13/13 MP: 3/3
   140 | D:1      | Reached XP level 2. HP: 15/19 MP: 1/5
   242 | D:1      | Reached skill level 5 in Hexes
   651 | D:2      | Reached skill level 5 in Stealth
   651 | D:2      | Reached XP level 3. HP: 24/24 MP: 6/6
   661 | D:2      | Learned a level 3 spell: Confuse
   697 | D:2      | Found an ancient bone altar of Kikubaaqudgha.
   961 | D:2      | Found a faded altar to an unknown god.
  1064 | D:2      | Found a burning altar of Makhleb.
  1121 | D:2      | Reached skill level 6 in Stealth
  1428 | D:2      | Reached XP level 4. HP: 30/30 MP: 7/7
  1433 | D:2      | Learned a level 3 spell: Tukima's Dance
  1935 | D:3      | Found a sacrificial altar of Ru.
  1965 | D:3      | Reached XP level 5. HP: 29/35 MP: 3/8
  2194 | D:3      | Reached skill level 7 in Stealth
  2254 | D:3      | Gained mutation: Your magical capacity is low (-10% MP). [potion of mutation]
  2254 | D:3      | Gained mutation: You are partially covered in rough black scales (AC +4, Dex -1). [potion of mutation]
  2254 | D:3      | Gained mutation: Your magical capacity is very low (-20% MP). [potion of mutation]
  2483 | D:3      | Noticed Robin
  2523 | D:3      | Killed Robin
  2897 | D:4      | Reached XP level 6. HP: 23/41 MP: 0/8
  3334 | D:4      | Reached skill level 8 in Stealth
  3388 | D:4      | Learned a level 3 spell: Dazzling Spray
  3496 | D:4      | Reached skill level 9 in Stealth
  3496 | D:4      | Reached XP level 7. HP: 30/46 MP: 1/9
  3931 | D:4      | Noticed Crazy Yiuf
  3937 | D:4      | Killed Crazy Yiuf
  4023 | D:4      | Found Uregroi's Antique Armour Shop.
  4026 | D:4      | Bought a pair of glowing gloves for 103 gold pieces
  4189 | D:4      | Noticed Natasha
  4194 | D:4      | Killed Natasha
  4624 | D:4      | Noticed Natasha
  4646 | D:4      | Killed Natasha
  4912 | D:4      | Noticed Natasha
  4932 | D:4      | Killed Natasha
  5016 | D:5      | Entered Level 5 of the Dungeon
  5094 | D:5      | Reached skill level 10 in Stealth
  5387 | D:5      | Reached XP level 8. HP: 52/52 MP: 10/10
  5535 | D:5      | Found a shimmering altar of Xom.
  5700 | D:5      | Found a glowing golden altar of the Shining One.
  5795 | D:6      | Found a staircase to the Ecumenical Temple.
  5885 | D:6      | Found an opulent altar of Gozag.
  5892 | D:6      | Found a white marble altar of Elyvilon.
  5897 | D:6      | Found a radiant altar of Vehumet.
  6001 | D:6      | Found a sand-covered staircase.
  6005 | Ossuary  | Entered an ossuary
  6103 | Ossuary  | Reached skill level 11 in Stealth
  6578 | Temple   | Entered the Ecumenical Temple
  6618 | Temple   | Became a worshipper of Dithmenos the Shadowed
  6729 | D:6      | Hit by a tomahawk thrown by an orc warrior

Skill      XL: |  1  2  3  4  5  6  7  8 |
---------------+-------------------------+-----
Hexes          | 5 6 7 8 9 |  9.3
Stealth        | 5 6 7 9 10 11 | 11.9
Dodging        | 3 |  3.8
Spellcasting   | 3 4 |  4.3
Short Blades   | 2 |  2.3

Action                   |  1- 3 |  4- 6 |  7- 9 || total
-------------------------+-------+-------+-------++-------
Melee: Dagger            |    78 |   178 |   320 ||   576
       Bite              |     9 |    11 |    35 ||    55
 Cast: Corona            |    10 |     1 |       ||    11
       Confuse           |     9 |    18 |    44 ||    71
       Tukima's Dance    |       |     5 |     4 ||     9
  Use: Potion            |     4 |    10 |    18 ||    32
       Scroll            |       |     8 |     2 ||    10
 Stab: Sleeping          |    13 |    19 |    19 ||    51
       Confused          |     3 |     9 |    21 ||    33
Armor: Robe              |    16 |    23 |    79 ||   118
Dodge: Dodged            |    60 |    76 |   153 ||   289
